 Dungeon Crawl Stone Soup version 0.19.4-8-ga85b6b9 (webtiles) character file.

326 NinoLikesCookies the Cutter (level 6, -3/51 HPs)
             Began as a Draconian Chaos Knight on Feb 15, 2017.
             Killed from afar by Natasha (9 damage)
             ... with a magic dart
             ... on level 3 of the Dungeon.
             The game lasted 00:24:13 (2723 turns).

NinoLikesCookies the Cutter (DrCK)                  Turns: 2723, Time: 00:24:14

Health: -3/51      AC:  7    Str: 16      XL:     6   Next: 24%
Magic:  6/6        EV: 12    Int: 15      God:    Xom [*.....]
Gold:   137        SH:  0    Dex:  9 (10) Spells: 0 memorised, 5 levels left

rFire  . . .     SeeInvis .     a - +1 short sword (chaos)
rCold  . . .     Gourm    .     (armour unavailable)
rNeg   . . .     Faith    .     (no shield)
rPois  .         Spirit   .     (helmet restricted)
rElec  .         Reflect  .     w - +0 cloak
rCorr  .         Harm     .     (no gloves)
MR     .....                    (no boots)
Stlth  +.........               (no amulet)
                                (no ring)
                                (no ring)

@: lethally poisoned (-3 -> -4), slowed, very slow
A: unfitting armour, horns 1, stinger 1, clever 1, cold-blooded, AC +6
a: Renounce Religion


You were on level 3 of the Dungeon.
You worshipped Xom.
You were a special plaything of Xom.
You were not hungry.

You visited 1 branch of the dungeon, and saw 3 of its levels.

You collected 137 gold pieces.

Inventory:

Hand Weapons
 a - a +1 short sword of chaos (weapon)
 e - a +0 dagger
 g - a +0 short sword
 x - a +0 scythe
Missiles
 i - 26 bolts (quivered)
 p - 163 stones
 t - 49 arrows
Armour
 f - a +0 leather armour
 w - a +0 cloak (worn)
Magical Staves
 B - an uncursed staff of power
Jewellery
 n - an uncursed amulet of guardian spirit {unknown}
Wands
 c - a wand of lightning (6/15)
 v - a wand of random effects (35/48)
Scrolls
 d - a scroll of magic mapping
 j - a scroll of blinking {unknown}
 k - 2 scrolls of teleportation {unknown}
 l - 2 scrolls of identify {unknown}
 m - a scroll of enchant armour {unknown}
 r - a scroll of fog {unknown}
 y - 2 scrolls of recharging
Potions
 h - a potion of brilliance {unknown}
 o - a potion of curing {unknown}
Comestibles
 b - 2 bread rations
 s - a beef jerky
 z - 2 chunks of flesh


   Skills:
 + Level 3.4 Fighting
 * Level 6.9 Short Blades
 + Level 2.4 Dodging


You had 5 spell levels left.
You didn't know any spells.

Dungeon Overview and Level Annotations

Branches:
Dungeon (3/15)

Altars:
Xom

Annotations:
D:3 Natasha


Innate Abilities, Weirdness & Mutations

Your plain brown scales are hard. (AC +6)
You cannot fit into any form of body armour.
You are cold-blooded and may be slowed by cold attacks.
You have a pair of small horns on your head.
Your tail ends in a poisonous barb.
Your mind is acute. (Int +2)


Message History

* * * LOW HITPOINT WARNING * * *
The adder barely misses you.
Natasha howls an incantation.
Natasha glows brightly for a moment.
Natasha closely misses you.
As you read the scroll of fear, it crumbles to dust.
You assume a fearsome visage.
The adder looks frightened!
The river rat looks frightened!
Natasha looks frightened!
As you read the scroll labeled FERPHU BOLEOMPY, it crumbles to dust.
You feel as if something is helping you.
It was a scroll of remove curse.
You feel sick. Natasha casts a spell at you. The magic dart hits you!
* * * LOW HITPOINT WARNING * * *
You remove your -2 ring of dexterity.
You feel agile.
You drop a -2 ring of dexterity.
Natasha casts a spell at you. The magic dart hits you!
You die...

..#...,,...###..#.# *,* *,*
..#.#***######..#.######.** *,**
....#####....#..#........,** *,,,
.........................,,***,*,
.....####.####....######.,,,,,,,,
#......##.........######.#.***,**
##.....##...#..............* *,*
#.#.####...#.)....#####...* *,*
#....).........@..####....* *,*
###.####.#.##...#.........* *,*
#.# #............r.....******
####.####'####.............,,,,,,
...........# #...##.....#..*****,
...........###...##.....#,.* *,
..............S.h.....#.#,,*****,
......<....##..#.##.#...#,,*,,,,,
...........#............#,,***,**


You could see Natasha (fleeing), an adder (fleeing) and a river rat (fleeing).

Vanquished Creatures
  Sigmund (D:2)
  An orc priest (D:3)
  Natasha (D:3)
  5 adders
  4 worms
  3 dart slugs
  3 leopard geckos (D:3)
  3 orcs (D:3)
  5 bats
  2 giant cockroaches (D:2)
  6 hobgoblins
  A jackal (D:2)
  3 frilled lizards (D:2)
  5 goblins
  5 kobolds (D:2)
  6 rats
54 creatures vanquished.

Notes
Turn   | Place    | Note
-------+----------+-------------------------------------------
     0 | D:1      | NinoLikesCookies the Draconian Chaos Knight began the quest for the Orb.
     0 | D:1      | Reached XP level 1. HP: 19/19 MP: 1/1
   133 | D:1      | XOM: harmless Summ miscast
   432 | D:1      | XOM: harmless Necr miscast
   446 | D:1      | XOM: harmless Air miscast
   605 | D:1      | Reached XP level 2. HP: 26/26 MP: 2/2
   718 | D:2      | XOM: enchant monster (bad)
   993 | D:2      | Reached skill level 4 in Short Blades
  1070 | D:2      | Reached XP level 3. HP: 28/31 MP: 3/3
  1075 | D:2      | XOM: divination: detect items
  1276 | D:2      | XOM: mild Tmut miscast
  1336 | D:2      | XOM: god gift: tapered wooden wand {god gift}
  1482 | D:2      | XOM: medium Ice miscast
  1687 | D:2      | Noticed Sigmund
  1690 | D:2      | Killed Sigmund
  1690 | D:2      | Reached skill level 6 in Short Blades
  1690 | D:2      | Reached XP level 4. HP: 38/38 MP: 4/4
  1690 | D:2      | Reached XP level 5. HP: 45/45 MP: 5/5
  1870 | D:2      | XOM: give mutations
  1870 | D:2      | Gained mutation: You have a pair of small horns on your head. [Xom's grace]
  1870 | D:2      | Gained mutation: Your tail ends in a poisonous barb. [Xom's grace]
  1870 | D:2      | Gained mutation: Your mind is acute. (Int +2) [Xom's grace]
  2118 | D:2      | XOM: scenery: create altars
  2131 | D:2      | XOM: god gift: crooked glowing staff {god gift}
  2337 | D:3      | Noticed Natasha
  2339 | D:3      | XOM: confusion
  2340 | D:3      | XOM: torment (24/45 hp)
  2355 | D:3      | Killed Natasha
  2355 | D:3      | Reached XP level 6. HP: 40/51 MP: 6/6
  2423 | D:3      | XOM: stat loss: -1 Dex (7/8)
  2700 | D:3      | Noticed Natasha
  2707 | D:3      | XOM: harmless Hex miscast
  2709 | D:3      | XOM: chaos cloud
  2711 | D:3      | XOM: mild Conj miscast
  2723 | D:3      | Killed from afar by Natasha

Skill      XL: |  1  2  3 |
---------------+----------+-----
Short Blades   | 4 6 |  6.9
Fighting       | |  3.4
Dodging        | |  2.4

Action                   |  1- 3 |  4- 6 || total
-------------------------+-------+-------++-------
Melee: Short sword       |   119 |    73 ||   192
       Tailslap          |     8 |     9 ||    17
       Headbutt          |       |     5 ||     5
Evoke: Wand              |     1 |     1 ||     2
  Use: Scroll            |       |     7 ||     7
       Potion            |       |     2 ||     2
 Stab: Sleeping          |     1 |     1 ||     2
       Paralysed         |     1 |       ||     1
  Eat: Chunk             |     1 |       ||     1
       Meat ration       |       |     1 ||     1
       Beef jerky        |       |     1 ||     1
Armor: Skin              |    37 |    32 ||    69
Dodge: Dodged            |    56 |    64 ||   120
